 Dungeon Crawl Stone Soup version 0.19.1-1-g22dce08 (webtiles) character file.

22115 dngmouse the Warrior (level 12, -6/121 HPs)
             Began as a Minotaur Berserker on Jan 20, 2017.
             Was a High Priest of Trog.
             Mangled by a warg (8 damage)
             ... while paralysed by an orc sorcerer
             ... on level 1 of the Orcish Mines.
             The game lasted 00:36:24 (9568 turns).

dngmouse the Warrior (Minotaur Berserker)           Turns: 9568, Time: 00:36:26

Health: -6/121     AC: 17    Str: 21 (22) XL:     12   Next: 60%
Magic:  11/11      EV:  2    Int:  2 (4)  God:    Trog [*****.]
Gold:   795        SH:  0    Dex: 19 (21) Spells: 0 memorised, 11 levels left

rFire  . . .     SeeInvis .     t - +4 executioner's axe (freeze)
rCold  + . .     Gourm    .     I - +0 plate armour
rNeg   . . .     Faith    .     (shield currently unavailable)
rPois  +         Spirit   .     (helmet restricted)
rElec  .         Reflect  .     J - +1 cloak
rCorr  .         Harm     .     (no gloves)
MR     .....                    U - +0 pair of boots
Stlth  ..........               (no amulet)
                                H - +4 ring of dexterity
                                p - ring of protection from cold

@: paralysed, drained
A: retaliatory headbutt, horns 2, large bone plates 1, agile 1, poison
resistance, wild magic 1
a: Berserk, Trog's Hand, Brothers in Arms, Burn Spellbooks, Renounce Religion


You were on level 1 of the Orcish Mines.
You worshipped Trog.
Trog was extremely pleased with you.
You were not hungry.

You visited 2 branches of the dungeon, and saw 12 of its levels.

You collected 886 gold pieces.
You spent 91 gold pieces at shops.

Inventory:

Hand Weapons
 f - a +5 battleaxe
 t - a +4 executioner's axe of freezing (weapon)
 w - the +5 rapier of Conformity {antimagic, rElec rPois Str+4}
   (You found it on level 4 of the Dungeon)

   It reduces the magical energy of the wielder, and disrupts the spells and
   magical abilities of those hit.
   Natural abilities and divine invocations are not affected.
   It affects your strength (+4).
   It insulates you from electricity.
   It protects you from poison.
Armour
 I - a +0 plate armour (worn)
 J - a +1 cloak (worn)
 U - a +0 pair of boots (worn)
Jewellery
 d - an uncursed ring of fire
 p - a ring of protection from cold (left hand)
 H - a +4 ring of dexterity (right hand)
Wands
 b - a wand of hasting (5/9)
 k - a wand of flame (15/48)
 n - a wand of slowing (18/48)
 q - a wand of lightning (3/15)
 s - a wand of teleportation (9/9)
 y - a wand of teleportation (4/9)
 G - a wand of disintegration (13/24)
Scrolls
 g - 9 scrolls of identify
 h - 3 scrolls of enchant armour
 j - 4 scrolls of magic mapping
 u - 2 scrolls of remove curse
 B - 2 scrolls of enchant weapon
 C - 2 scrolls of immolation
 D - a scroll of blinking
 M - 3 scrolls of teleportation
 N - 3 scrolls of fear
 T - 4 scrolls of recharging
Potions
 a - 2 potions of lignification
 e - 2 potions of cancellation
 i - 2 potions of berserk rage
 l - 9 potions of curing
 m - a potion of ambrosia
 o - a potion of haste
Books
 Q - a book of Callings

   Spells                             Type                      Level
   a - Summon Small Mammal            Summoning                    1
   b - Call Imp                       Summoning                    2
   c - Call Canine Familiar           Summoning                    3
   d - Summon Guardian Golem          Hexes/Summoning              3
   e - Summon Lightning Spire         Summoning/Air                4
   f - Summon Ice Beast               Ice/Summoning                4
   Trog disapproves of the use of such an item.
Comestibles
 c - 8 bread rations
 r - 11 chunks of flesh
 F - 2 beef jerkies
 K - 2 meat rations
 P - 2 fruits


   Skills:
 + Level 15.2(14.6) Fighting
 * Level 14.2(13.6) Axes
 + Level 9.3(8.7) Armour
 - Level 7.9(7.4) Dodging


You had 11 spell levels left.
You didn't know any spells.

Dungeon Overview and Level Annotations

Branches:
Dungeon (11/15)            Temple (0/1) D:6            Lair (0/6) D:11
    Orc (1/2) D:9

Altars:
Dithmenos
Hepliaklqana
Makhleb
Uskayaw

Shops:
D:6 [*   D:9 (   D:11 ?


Innate Abilities, Weirdness & Mutations

You reflexively headbutt those who attack you in melee.
You have a pair of horns on your head.
You are partially covered in large bone plates. (SH +4)
You are agile. (Dex +2)
Your system is resistant to poisons. (rPois)
Your spells are a little harder to cast, but a little more powerful.


Message History

* * * LOW HITPOINT WARNING * * *
The orc sorcerer points at you and mumbles some strange words.
You resist with some effort. The troll bites you but does no damage.
The troll claws you but does no damage. The troll claws you.
* * * LOW HITPOINT WARNING * * *
The orc hits you but does no damage. 2 orcs and an orc warrior come into view.
The orc shouts! x2
The orc warrior no longer looks unusually strong.
The orc no longer looks unusually strong.
The warg bites you but does no damage.
The orc moves out of view.
The orc warrior hits you but does no damage.
The orc sorcerer points at you and mumbles some strange words.
Helpless, you fail to dodge the bolt of negative energy.
You feel drained.
* * * LOW HITPOINT WARNING * * *
The troll barely misses you. The troll claws you.
* * * LOW HITPOINT WARNING * * *
The troll claws you but does no damage. The warg bites you!
You die...

.....# o. ##..$..###o ..
#........o###.#
#.......o.oo.. >...
##..#....o..... .$.#.
##.$...o.oh.o...........
#.....oToo$..o..........
#..)@h......$$..#....
###.$............#....
##............>.......#
........................
..#.....................
...#.......#............
....#.#.....#.......)...
...###.......#...>..)))#
.. ##.##..............


You could see an orc knight, a troll, 2 wargs, an orc sorcerer, 6 orc warriors,
an orc wizard and 5 orcs.

Vanquished Creatures
  Erolcha (D:9)
  The ghost of markt42 the Basher, a journeyman GrMo of Okawaru (D:11)
  An unseen horror (D:11)
  An orc knight (Orc:1)
  An ugly thing (D:11)
  Maurice (D:8)
  Joseph (D:9)
  A gargoyle (D:10)
  A hornet (D:9)
  2 trolls
  4 hippogriffs
  Sigmund (D:4)
  The ghost of dngmouse the Firebug, an amateur HEFE (D:3)
  7 yaks
  Grum (D:11)
  2 hungry ghosts (D:8)
  Eustachio (D:4)
  A soldier ant (D:11)
  7 orc warriors
  4 ice beasts
  A sky beast (D:11)
  3 phantoms
  A hornet zombie (D:10)
  3 black bears
  A necrophage (D:10)
  4 wolves (D:11)
  5 ogres
  A crocodile (D:11)
  4 centaurs
  2 big kobolds
  Blork the orc (D:4)
  A gnoll sergeant (D:6)
  A bullfrog (D:9)
  A water moccasin skeleton (D:8)
  4 scorpions
  6 killer bees (D:8)
  8 wights
  2 howler monkeys
  8 crimson imps
  2 bullfrog zombies (D:10)
  A quasit (D:6)
  7 orc priests
  3 hounds
  2 jellies
  10 orc wizards
  2 centaur skeletons
  Natasha (D:4)
  5 iguanas
  6 worker ants
  A killer bee zombie (D:10)
  The ghost of dscm the Sneak, a weakling OpEn (D:4)
  2 hound zombies
  3 worker ant zombies
  9 gnolls
  7 adders
  3 river rats (D:11)
  4 oozes
  2 adder skeletons
  2 worms
  2 dart slugs (D:1)
  6 leopard geckos
  48 orcs
  2 ball pythons (D:2)
  16 bats
  4 giant cockroaches
  12 goblins
  15 hobgoblins
  12 jackals
  11 kobolds
  3 quokkas
  6 frilled lizards
  A jackal zombie (D:6)
  A leopard gecko skeleton (D:6)
  23 rats
  A fungus (D:11)
  2 plants (D:11)
335 creatures vanquished.

Vanquished Creatures (others)
  A plant (D:11)
1 creature vanquished.

Grand Total: 336 creatures vanquished

Notes
Turn   | Place    | Note
-------+----------+-------------------------------------------
     0 | D:1      | dngmouse the Minotaur Berserker began the quest for the Orb.
     0 | D:1      | Reached XP level 1. HP: 19/19 MP: 0/0
   291 | D:1      | Reached XP level 2. HP: 27/27 MP: 1/1
   415 | D:1      | Reached skill level 4 in Fighting
   481 | D:1      | You fall through a shaft!
   685 | D:1      | Reached XP level 3. HP: 30/33 MP: 2/2
   822 | D:1      | Reached ** piety under Trog
  1415 | D:1      | Reached skill level 5 in Axes
  1592 | D:2      | Reached XP level 4. HP: 40/41 MP: 3/3
  2013 | D:3      | Noticed dngmouse's ghost (amateur HEFE)
  2024 | D:3      | Killed dngmouse's ghost
  2024 | D:3      | Reached XP level 5. HP: 47/47 MP: 4/4
  2077 | D:3      | Reached XP level 6. HP: 39/53 MP: 5/5
  2406 | D:3      | Reached *** piety under Trog
  2720 | D:4      | Noticed dscm's ghost (weakling OpEn)
  2725 | D:4      | Killed dscm's ghost
  2729 | D:4      | Noticed Sigmund
  2750 | D:4      | Killed Sigmund
  2750 | D:4      | Reached XP level 7. HP: 42/60 MP: 6/6
  2759 | D:4      | Got a fine rapier
  3116 | D:4      | You fall through a shaft!
  3116 | D:5      | Entered Level 5 of the Dungeon
  3186 | D:5      | Reached skill level 10 in Axes
  3301 | D:4      | Noticed Blork the orc
  3315 | D:4      | Killed Blork the orc
  3627 | D:4      | Noticed Natasha
  3631 | D:4      | Killed Natasha
  3690 | D:4      | Found a shadowy altar of Dithmenos.
  3690 | D:4      | Found a hazy altar of Hepliaklqana.
  3691 | D:4      | Noticed Eustachio
  3700 | D:4      | Killed Eustachio
  3769 | D:4      | Reached XP level 8. HP: 56/67 MP: 7/7
  3858 | D:5      | Identified the +5 rapier of Conformity {antimagic, rElec rPois Str+4} (You found it on level 4 of the Dungeon)
  4120 | D:5      | Reached **** piety under Trog
  4263 | D:6      | Found Ickeuth's Antique Armour Boutique.
  4331 | D:6      | Found a staircase to the Ecumenical Temple.
  4704 | D:6      | Found Faluqeat's Assorted Antiques.
  5339 | D:7      | Reached skill level 5 in Fighting
  5365 | D:7      | Reached skill level 6 in Fighting
  5365 | D:7      | Reached XP level 9. HP: 63/77 MP: 8/8
  5374 | D:7      | Reached skill level 7 in Fighting
  5776 | D:7      | Reached skill level 8 in Fighting
  6092 | D:7      | Reached skill level 9 in Fighting
  6114 | D:7      | Found a hide-covered altar of Uskayaw.
  6180 | D:8      | Reached skill level 10 in Fighting
  6404 | D:8      | Found a burning altar of Makhleb.
  6424 | D:8      | Reached skill level 11 in Fighting
  6453 | D:8      | Reached XP level 10. HP: 67/96 MP: 9/9
  6521 | D:8      | Noticed Maurice
  6532 | D:8      | Killed Maurice
  6532 | D:8      | Reached skill level 12 in Fighting
  6738 | D:9      | Found Udet's Weapon Shoppe.
  6890 | D:9      | Noticed Erolcha
  6896 | D:9      | Killed Erolcha
  6896 | D:9      | Reached skill level 13 in Fighting
  6959 | D:9      | Noticed Joseph
  6969 | D:9      | Reached ***** piety under Trog
  6973 | D:9      | Killed Joseph
  6975 | D:9      | Paralysed by a hornet for 2 turns
  6984 | D:9      | Reached skill level 14 in Fighting
  7419 | D:9      | Found a staircase to the Orcish Mines.
  7589 | D:10     | Entered Level 10 of the Dungeon
  7808 | D:10     | Noticed a gargoyle
  7812 | D:10     | Killed a gargoyle
  7859 | D:10     | Reached XP level 11. HP: 82/111 MP: 10/10
  8185 | D:10     | Reached skill level 5 in Armour
  8209 | D:11     | Noticed a white ugly thing
  8218 | D:11     | Killed a white ugly thing
  8242 | D:11     | Noticed markt42's ghost (journeyman GrMo)
  8340 | D:11     | Killed markt42's ghost
  8575 | D:11     | Received a gift from Trog
  8686 | D:11     | Reached skill level 15 in Fighting
  8700 | D:11     | Gained mutation: Your muscles are strong. (Str +2) [potion of beneficial mutation]
  8711 | D:11     | Lost mutation: Your muscles are strong. (Str +2) [potion of cure mutation]
  8714 | D:11     | Reached XP level 12. HP: 119/119 MP: 11/11
  8720 | D:11     | Found Vieddiuth's Magic Scroll Shoppe.
  8731 | D:11     | Gained mutation: Your spells are a little harder to cast, but a little more powerful. [mutagenic meat]
  8732 | D:11     | Gained mutation: You are partially covered in large bone plates. (SH +4) [mutagenic meat]
  8733 | D:11     | Gained mutation: Your system is resistant to poisons. (rPois) [mutagenic meat]
  8733 | D:11     | Gained mutation: You are agile. (Dex +2) [potion of beneficial mutation]
  8761 | D:11     | Bought a scroll of fear for 49 gold pieces
  8761 | D:11     | Bought a scroll of teleportation for 42 gold pieces
  8810 | D:11     | Noticed Grum
  8826 | D:11     | Killed Grum
  9405 | D:11     | Found a staircase to the Lair.
  9410 | D:11     | Received a gift from Trog
  9491 | Orc:1    | Entered Level 1 of the Orcish Mines
  9565 | Orc:1    | Paralysed by an orc sorcerer for 7 turns
  9568 | Orc:1    | HP: 4/121 [orc sorcerer/bolt of negative energy[an orc knight] (13)]
  9568 | Orc:1    | Mangled by a warg

Skill      XL: |  1  2  3  4  5  6  7  8  9 10 11 12 |
---------------+-------------------------------------+-----
Axes           | 4 5 7 9 11 13 14 | 14.2
Fighting       | 4 6 11 14 15 | 15.2
Armour         | 4 8 9 |  9.3
Dodging        | 7 |  7.9

Action                   |  1- 3 |  4- 6 |  7- 9 | 10-12 || total
-------------------------+-------+-------+-------+-------++-------
Melee: Hand axe          |   103 |    99 |     8 |       ||   210
       Headbutt          |    11 |    20 |    64 |    64 ||   159
       War axe           |       |       |   273 |       ||   273
       Battleaxe         |       |       |    25 |   256 ||   281
       Executioner's axe |       |       |       |    22 ||    22
Invok: Berserk           |       |     1 |     3 |     6 ||    10
       Burn Spellbooks   |       |       |       |     1 ||     1
  Use: Scroll            |       |       |     6 |     9 ||    15
       Potion            |       |       |       |    13 ||    13
 Stab: Sleeping          |     1 |       |       |       ||     1
  Eat: Chunk             |     2 |     5 |    14 |    19 ||    40
       Fruit             |       |       |     2 |     1 ||     3
       Pizza             |       |       |       |     1 ||     1
Armor: Animal skin       |    17 |     3 |       |       ||    20
       Chain mail        |       |    17 |    78 |       ||    95
       Scale mail        |       |       |    35 |       ||    35
       Plate armour      |       |       |    54 |   206 ||   260
Dodge: Dodged            |    74 |    61 |   118 |   127 ||   380
Block: Other             |       |       |       |    19 ||    19
